 Dungeon Crawl Stone Soup version 0.25-a0-294-gea9b1ad (webtiles) character file.

Game seed: 8651424342162379793, levelgen mode: deterministic

42 15 the Gusty (level 3, 0/20 HPs)
             Began as a Tengu Air Elementalist on Dec 17, 2019.
             Succumbed to an adder's poison
             ... on level 1 of the Dungeon.
             The game lasted 00:06:37 (912 turns).

15 the Gusty (Tengu Air Elementalist)                Turns: 912, Time: 00:06:37

Health: 0/20       AC:  1    Str:  9    XL:     3   Next: 56%
Magic:  5/7        EV: 13    Int: 12    God:
Gold:   27         SH:  0    Dex: 14    Spells: 3/6 levels left

rFire    + . .     SeeInvis .   b - +0 mace
rCold    . . .     Gourm    .   (no shield)
rNeg     . . .     Faith    .   a - +0 robe
rPois    .         Spirit   .   (helmet restricted)
rElec    .         Reflect  .   (no cloak)
rCorr    .         Harm     .   h - -2 pair of gloves (curse)
MR       .....                  (boots unavailable)
Stlth    ++........             (no amulet)
HPRegen  0.06/turn              f - ring of protection from fire
MPRegen  0.10/turn              e - -3 ring of intelligence (curse)

@: lethally poisoned (0 -> -9), very slightly contaminated
A: beak, talons 3
a: no special abilities


You were on level 1 of the Dungeon.
You were not hungry.

You visited 1 branch of the dungeon, and saw 2 of its levels.

You collected 27 gold pieces.

Inventory:

Hand Weapons
 b - a +0 mace (weapon)
 g - a +0 short sword
Armour
 a - a +0 robe (worn)
 h - a cursed -2 pair of gloves (worn)
Jewellery
 e - a cursed -3 ring of intelligence (right hand)
 f - a ring of protection from fire (left hand)
Comestibles
 c - 3 rations
 d - a chunk of flesh


   Skills:
 * Level 0.8 Fighting
 + Level 0.1 Short Blades
 * Level 0.9 Armour
 * Level 2.3 Dodging
 + Level 2.0 Stealth
 + Level 2.2 Spellcasting
 * Level 1.6 Conjurations
 * Level 5.0 Air Magic


You had 3 spell levels left.
You knew the following spells:

 Your Spells              Type           Power        Failure   Level  Hunger
a - Shock                 Conj/Air       #...         7%          1    ##.....
b - Swiftness             Chrm/Air       #.......     14%         2    ###....

Your spell library contained the following spells:

 Spells                   Type           Power        Failure   Level  Hunger
 Static Discharge         Conj/Air       #.......     21%         3    ####...
 Airstrike                Air            ##........   32%         4    #####..
 Lightning Bolt           Conj/Air       #.........   88%         5    ######.


Dungeon Overview and Level Annotations

Branches:
Dungeon (2/15)

Altars:


Innate Abilities, Weirdness & Mutations

You have a beak for a mouth.
You have claws for feet.


Message History

Confirm with . or Enter, or press ? or * to list all spells.
Aiming: Shock (safe; 7% risk of failure)
Press: ? - help, Shift-Dir - straight line, f/p - adder
Aim: an adder (lightly wounded)
You miscast Shock.
You are very lightly contaminated with residual magic.
The wind howls around you! The adder bites you.
You are poisoned.
The adder poisons you!
You miss the adder.
The adder is lightly wounded.
You feel sick. The adder bites you. x2
* * * LOW HITPOINT WARNING * * *
You are more poisoned.
The adder poisons you!
* * * LOW HITPOINT WARNING * * *
You feel sick. The adder bites you but does no damage. The adder bites you.
* * * LOW HITPOINT WARNING * * *
You climb upwards.
You die...

###########
#..........
#..........
#..........
#..........
##########..........
#..@S....'..........
#.#..#####.........(
###.#..#####..).......
#...#.....##..........
#.###.###.##..........
#.###.# #.##..........
#.....# #.##..........
#####.# #.###########.
#.###...#########.


You could see an adder.

Vanquished Creatures
  4 dart slugs (D:1)
  A leopard gecko (D:1)
  A giant cockroach (D:1)
  2 hobgoblins (D:1)
  5 jackals (D:1)
  4 bats (D:1)
  5 frilled lizards (D:1)
  3 goblins (D:1)
  2 kobolds (D:1)
  9 rats (D:1)
36 creatures vanquished.

Notes
Turn   | Place    | Note
-------+----------+-------------------------------------------
     0 | D:1      | 15 the Tengu Air Elementalist began the quest for the Orb.
     0 | D:1      | Reached XP level 1. HP: 10/10 MP: 4/4
   134 | D:1      | Reached XP level 2. HP: 15/15 MP: 6/6
   142 | D:1      | Learned a level 2 spell: Swiftness
   458 | D:1      | Reached skill level 5 in Air Magic
   458 | D:1      | Reached XP level 3. HP: 20/20 MP: 5/7
   911 | D:2      | HP: 1/20 [adder (4)]
   912 | D:1      | Succumbed to an adder's poison

Levels and vault maps discovered:
D:1:      grunt_arrival_lava_bath, layout_basic
D:2:      lemuel_upstairs_altar, layout_rooms, gammafunk_temple_overflow_pools,
          st_stairs_6, minivault_24, kennysheep_generic_room_5, uniq_terence,
          uniq_robin

Skill      XL: |  1  2 |
---------------+-------+-----
Air Magic      | 5 |  5.0
Fighting       | |  0.8
Short Blades   | |  0.1
Armour         | |  0.9
Dodging        | |  2.3
Stealth        | |  2.0
Spellcasting   | |  2.2
Conjurations   | |  1.6

Action                   || total
-------------------------++-------
Melee: Dagger            ||    14
       Kick              ||     5
       Peck              ||     4
       Short sword       ||     5
       Mace              ||    26
 Cast: Shock             ||    38
  Use: Scroll            ||     1
 Stab: Sleeping          ||     4
  Eat: Chunk             ||     1
Armor: Robe              ||    22
Dodge: Dodged            ||    50

Table legend:
 A = Non-vault XP
 B = Vault XP
 C = Vault XP percentage of total XP
 D = Non-vault monster count
 E = Vault monster count
 F = Vault count percentage of total count
                 A         B        C        D         E       F
            +---------+---------+-------+---------+---------+-------
      Total |      61 |       0 |   0.0 |      36 |       0 |   0.0
            +---------+---------+-------+---------+---------+-------
        D:1 |      61 |       0 |   0.0 |      36 |       0 |   0.0
            +---------+---------+-------+---------+---------+-------
